 Dungeon Sprint DCSS version 0.17-a0-155-g14e20c2 (webtiles) character file.

1100000 miro the Metallomancer (level 12, -36/79 HPs)
             Began as a Gargoyle Earth Elementalist on Mar 25, 2015.
             Was a Follower of Makhleb.
             Annihilated by a meat berserker
             ... wielding a +9 battleaxe
              (53 damage)
             ... in the Dungeon (Sprint VIII: "Arena of Blood").
             The game lasted 00:01:11 (11 turns).

miro the Metallomancer (Gargoyle Earth Elementalist)  Turns: 11, Time: 00:01:12

Health: -36/79     AC: 11    Str: 12    XL:     12   Next: 85%
Magic:  4/32       EV: 20    Int: 17    God:    Makhleb [*.....]
Gold:   0          SH:  0    Dex: 14    Spells: 1 memorised, 33 levels left

rFire  . . .     SeeInvis .     k - +∞ Axe of Woe
rCold  . . .     Clarity  .     c - +0 robe
rNeg   + . .     SustAb   .     (no shield)
rPois  ∞         Gourm    .     (no helmet)
rElec  +         Spirit   .     (no cloak)
rCorr  .         Warding  .     (no gloves)
rMut   .         NoTele   +     (no boots)
MR     .....                    (no amulet)
Stlth  +++++.....               (no ring)
                                (no ring)

@: not resistant to hostile enchantments, quite stealthy
A: negative energy resistance 1, electricity resistance, unbreathing,
petrification resistance, rot immunity, AC +8
a: Renounce Religion


You were in the Dungeon.
You worshipped Makhleb.
Makhleb was aware of your devotion.
You were not hungry.

You visited 1 branch

Inventory:

Hand weapons
 k - the +∞ Axe of Woe (weapon)
   (You found it in the Dungeon)
Missiles
 b - 20 stones (quivered)
Armour
 c - a +0 robe (worn)
Scrolls
 j - a scroll of blinking
Potions
 e - a potion of curing
 f - a potion of heal wounds
 g - a potion of haste
 h - 2 potions of magic
 i - a potion of berserk rage
Books
 d - a book of Geomancy

   Spells                             Type                      Level
   a - Sandblast                      Earth                        1
   b - Stoneskin                      Transmutation/Earth          2
   c - Passwall                       Transmutation/Earth          3
   d - Stone Arrow                    Conjuration/Earth            3
   e - Petrify                        Transmutation/Earth          4
   f - Lee's Rapid Deconstruction     Earth                        5
Comestibles
 a - a bread ration


   Skills:
 * Level 10.9 Fighting
 + Level 2.4 Axes
 * Level 10.2 Armour
 * Level 12.6 Dodging
 - Level 10.6 Stealth
 - Level 11.9 Spellcasting
   Level 0.7 Transmutations
 - Level 22.7 Earth Magic


You had 33 spell levels left.
You knew the following spells:

 Your Spells              Type           Power        Failure   Level  Hunger
a - Sandblast             Erth           ######       0%          1    None


Dungeon Overview and Level Annotations

Branches:
Dungeon (1/1)

Altars:
Makhleb


Innate Abilities, Weirdness & Mutations

You are resistant to torment.
You are immune to poison.
Your stone body is very resilient (AC +8).
You resist negative energy.
You are resistant to electric shocks.
You can survive without breathing.
You are immune to petrification.
You are immune to rotting.


Message History

You kill the bag of meat!
Makhleb accepts your kill.
You can now gain health from killing.
Your Fighting skill gained 10 levels and is now at level 10!
Your Axes skill gained 2 levels and is now at level 2!
Your Armour skill gained 10 levels and is now at level 10!
Your Dodging skill gained 3 levels and is now at level 12!
You have reached level 12!
Your experience leads to an increase in your attributes!
Increase (S)trength, (I)ntelligence, or (D)exterity?
You feel agile.
You feel stronger.
You hear a shout! x10
The meat berserker rages.
You hear a shout!
The meat berserker hits you with a +9 battleaxe!!!
Ouch! That really hurt!
* * * LOW HITPOINT WARNING * * *
You hear a shout! x11
The meat berserker hits you with a +9 battleaxe!!!
Ouch! That really hurt!
You die...

.....o ..... ..
#.... .# .. #.o.
..# ..o###...
..###.
........###......
#...o..o._......
#)....# #@.o._#
#O....#
....._......
......###......
..###... ..###.
#... ..# #oO. .#
..o.. .. o..


You could see 2 meat berserkers and 6 bags of meat.

Vanquished Creatures
  2 orcs (D)
2 creatures vanquished.

Notes
Turn   | Place    | Note
--------------------------------------------------------------
     0 | D        | miro, the Gargoyle Earth Elementalist, began the quest for the Orb.
     0 | D        | Reached XP level 1. HP: 10/10 MP: 3/3
     4 | D        | Became a worshipper of Makhleb the Destroyer
     5 | D        | Noticed a bag of meat
     6 | D        | Noticed a bag of meat
     6 | D        | Noticed a bag of meat
     8 | D        | Noticed a meat berserker
     9 | D        | Noticed a bag of meat
     9 | D        | Noticed a bag of meat
     9 | D        | Killed a bag of meat
     9 | D        | Reached skill level 9 in Dodging
     9 | D        | Reached skill level 10 in Stealth
     9 | D        | Reached skill level 11 in Spellcasting
     9 | D        | Reached skill level 22 in Earth Magic
     9 | D        | Reached XP level 2. HP: 15/15 MP: 3/18
     9 | D        | Reached XP level 3. HP: 19/19 MP: 3/20
     9 | D        | Reached XP level 4. HP: 24/24 MP: 3/22
     9 | D        | Reached XP level 5. HP: 28/28 MP: 3/23
     9 | D        | Reached XP level 6. HP: 32/32 MP: 3/25
     9 | D        | Reached XP level 7. HP: 36/36 MP: 3/26
     9 | D        | Reached XP level 8. HP: 41/41 MP: 3/28
     9 | D        | Reached XP level 9. HP: 45/45 MP: 3/29
     9 | D        | Reached XP level 10. HP: 50/50 MP: 3/30
     9 | D        | Reached XP level 11. HP: 54/54 MP: 3/31
    10 | D        | Noticed a bag of meat
    10 | D        | Noticed a bag of meat
    11 | D        | Noticed a bag of meat
    11 | D        | Noticed a bag of meat
    11 | D        | Killed a bag of meat
    11 | D        | Acquired Makhleb's first power
    11 | D        | Reached skill level 10 in Fighting
    11 | D        | Reached skill level 10 in Armour
    11 | D        | Reached XP level 12. HP: 58/79 MP: 3/32
    11 | D        | Annihilated by a meat berserker

Action                   |  1- 3 |  4- 6 |  7- 9 | 10-12 || total
-------------------------+-------+-------+-------+-------++-------
Melee: Executioner's axe |     1 |       |       |     1 ||     2
